Map: Goldenaura LE

Players

EldenLorD

  • Race: Zerg Zerg
  • League: Diamond
  • Spawn Location: 5:00

Vengeance - Winner!

  • Race: Terran Terran
  • League: Diamond
  • Spawn Location: 12:00

VOD

Have the link to the VOD?

Description

Time

  • Played on: March 21, 2024, 2:45 a.m.
  • Length: 5:32
Show
View Real Time Build Order
Export as new Build Order

EldenLorD Zerg 

Build Orders: Pool First 

Get SALT Encoding   

  12  0:01  Drone  
  13  0:09  Drone  
  14  0:29  Overlord  
  14  0:40  Spawning Pool  
  14  0:41  Drone  
  14  0:48  Drone  
  15  0:53  Drone  
  15  0:54  Drone  
  17  1:04  Drone, Extractor  
  17  1:24  Hatchery  
  16  1:32  Drone x2  
  18  1:35  Drone  
  19  1:46  Drone  
  20  1:55  Queen  
  20  2:00  Extractor  
  21  2:01  Drone  
  22  2:49  Drone x5  
  27  2:58  Drone  
  28  3:17  Extractor  
  27  3:24  Drone, Overlord  
  28  3:30  Queen, Evolution Chamber x2  
  28  3:34  Roach Warren  
  28  3:35  Drone  
  28  3:39  Spine Crawler  
  28  3:40  Drone  
  28  3:42  Queen  
  28  3:46  Drone x6  
  36  3:54  Overlord  
  36  4:17  Hatchery  
  35  4:25  Drone x5  
  42  4:31  Roach  
  42  4:32  Roach  
  44  4:44  Spine Crawler  
  43  4:48  Spine Crawler  
  43  4:52  Roach  
  44  4:56  Overlord  
  44  4:57  Overlord  
  44  5:07  Roach Warren  
  44  5:10  Zergling x2  
Show
View Real Time Build Order
Export as new Build Order

Vengeance Terran - Winner!

Build Orders: 2 Factory, Hellion Opening 

Get SALT Encoding   

  12  0:00  SCV  
  13  0:12  SCV  
  14  0:17  Supply Depot  
  14  0:25  SCV  
  15  0:39  SCV  
  15  0:42  Barracks  
  16  0:50  Refinery  
  16  0:51  SCV  
  17  1:02  Refinery  
  17  1:03  SCV  
  18  1:15  SCV  
  19  1:27  SCV  
  19  1:31  Supply Depot, Marine  
  21  1:41  Orbital Command  
  21  1:52  Factory  
  21  1:58  Barracks Reactor  
  21  2:05  Supply Depot  
  21  2:07  SCV  
  22  2:21  Factory  
  22  2:22  SCV  
  23  2:34  SCV  
  24  2:46  Hellion x2  
  28  2:51  SCV  
  28  2:54  Barracks Reactor  
  29  2:58  Supply Depot  
  29  3:04  Factory Tech Lab, SCV  
  30  3:11  Hellion x2  
  34  3:18  SCV  
  35  3:25  Siege Tank  
  38  3:27  Infernal Pre-Igniter  
  38  3:32  Hellion  
  38  3:33  Hellion  
  42  3:39  Supply Depot  
  42  3:42  Marine x2  
  44  3:56  Hellion  
  44  4:01  Hellion, Supply Depot  
  48  4:10  Siege Tank  
  48  4:12  Marine x2  
  48  4:15  SCV  
  54  4:40  Marine x2  
  54  4:41  Cyclone  
  54  4:42  Cyclone  
  54  4:43  SCV  
  61  4:46  Supply Depot  
  61  5:06  Marine x2  
Tags
 
Add a new tag
Caveats
  • Supply blocks, unpowered buildings, or Contaminate may cause inaccurate times.
  • Supply counts are checked every 10 seconds.